 Dungeon Sprint DCSS version 0.31-a0-1074-g0b22e4e0f1 (webtiles) character file.

Game seed: 6553258307749660561

0 73612iajs the Caller (level 1, 13/13 HPs)
             Began as a Mummy Summoner on Dec 6, 2023.
             Safely got out of the dungeon.
             The game lasted 00:01:07 (30 turns).

73612iajs the Caller (Mummy Summoner)                 Turns: 30, Time: 00:01:07

Health: 13/13      AC:  2    Str: 11    XL:     1   Next: 16%
Magic:  4/4        EV: 12    Int: 14    God:
Gold:   200        SH:  0    Dex: 12    Spells: 4/5 levels left

rFire   x . .        (no weapon)
rCold   + . .        (no shield)
rNeg    + + +        a - +0 robe
rPois   ∞            (no helmet)
rElec   .            (no cloak)
rCorr   .            (no gloves)
SInv    .            (no boots)
Will    .....        (no amulet)
Stlth   ++           (no ring)
HPRegen 0.22/turn    (no ring)
MPRegen 0.09/turn

%: no teleportation, faith
@: no status effects
A: cold resistance 1, negative energy resistance 3, torment resistance 2, heat
vulnerability 1, in touch with death 1, no potions, faith
a: no special abilities


You escaped.
You visited 1 branch You collected 200 gold pieces.

Inventory:

Armour
 a - a +0 robe (worn)
Wands
 c - a wand of light (5)
 d - a wand of iceblast (5)
Scrolls
 b - 4 scrolls of blinking
 e - 3 scrolls of fog


   Skills:
 + Level 1.6 Dodging
 + Level 1.6 Stealth
 + Level 2.7 Spellcasting
 + Level 3.6 Summonings


You had 4 spell levels left.
You knew the following spells:

 Your Spells              Type           Power      Damage    Failure   Level
a - Summon Small Mammal   Summ           48%        N/A       4%          1

Your spell library contained the following spells:

 Spells                   Type           Power      Damage    Failure   Level
 Call Imp                 Summ           24%        N/A       8%          2
 Call Canine Familiar     Summ           12%        N/A       14%         3
 Summon Guardian Golem    Hex/Summ       7%         N/A       30%         3
 Summon Lightning Spire   Summ/Air       7%         N/A       71%         4


Dungeon Overview and Level Annotations

Branches:
Dungeon (1/1)

Altars:
Dithmenos
Fedhas
Kikubaaqudgha
Ru
Uskayaw
Lugonu


Innate Abilities, Weirdness & Mutations

You are immune to poison.
Your flesh is cold resistant. (rC+)
You are immune to negative energy. (rN+++)
You are immune to unholy pain and torment.
You are vulnerable to heat. (rF-)
You are in touch with the powers of death.
You do not drink.
You have a special connection with the divine. (Faith)


Message History

Press ? for a list of commands and other information.
Found 200 gold pieces.
Found a staircase leading out of the dungeon.
Found a corrupted altar of Lugonu.
Found a blossoming altar of Fedhas and a sacrificial altar of Ru.
Get ready!
Unknown command.
Found a roughly hewn altar of Beogh and a shadowy altar of Dithmenos.
ROUND 1!
FIGHT!
You sense a tension in the north.
A giant cockroach comes into view.
Found two altars.
The giant cockroach bites you.
You hit the giant cockroach.
The giant cockroach is heavily wounded.
The giant cockroach misses you.
You hit the giant cockroach but do no damage.
The giant cockroach is heavily wounded.
The giant cockroach bites you but does no damage.
You hit the giant cockroach but do no damage.
The giant cockroach is heavily wounded.
The giant cockroach barely misses you.
You hit the giant cockroach.
The giant cockroach is severely wounded.
The giant cockroach closely misses you. The giant cockroach misses you.
You barely miss the giant cockroach.
The giant cockroach is severely wounded.
The giant cockroach misses you.
You hit the giant cockroach.
You kill the giant cockroach!
An endoplasm comes into view.
You now have 200 gold pieces.
c - a wand of light (5);
d - a wand of iceblast (5);
e - 3 scrolls of fog
b - 4 scrolls of blinking (gained 3)
There is a staircase leading out of the dungeon here.
Things that are here:
3 potions of resistance; 3 red potions; 3 cyan potions Unknown command.
You have escaped!

#_.. ...# ###...
...### #⌠....
....⌠# ##.8...
...8.## _......
......_ .....8.
.8.....
.......###.......
#...# #.@.# #...#
.......###.......
.....8. .8.....
_...... ......_
##.8... ...8.##
#⌠.... ....⌠#
###... ...###
#_.. .._#


There were no monsters in sight!

Vanquished Creatures
  A giant cockroach (D)
1 creature vanquished.

Notes
Turn   | Place    | Note
-------+----------+-------------------------------------------
     0 | D        | 73612iajs the Mummy Summoner began the quest for the Orb.
     0 | D        | Reached XP level 1. HP: 13/13 MP: 4/4
     1 | D        | Found a corrupted altar of Lugonu.
     3 | D        | Found a blossoming altar of Fedhas.
     3 | D        | Found a sacrificial altar of Ru.
     5 | D        | Found a shadowy altar of Dithmenos.
     5 | D        | Round 1.
     7 | D        | Found a hide-covered altar of Uskayaw.
     7 | D        | Found an ancient bone altar of Kikubaaqudgha.
    30 | D        | Safely got out of the dungeon.

Illustrated notes

Levels and vault maps discovered:
D:        arena_sprint

Action                     || total
---------------------------++-------
  Melee: Unarmed           ||     6
 Armour: Robe              ||     2
  Dodge: Dodged            ||     5

Table legend: (Time is in decaauts)
 A = Elapsed time spent in this place.
 B = Non-inter-level travel time spent in this place.
 C = Inter-level travel time spent in this place.
 D = Time resting spent in this place.
 E = Time spent auto-exploring this place.
 F = Levels seen in this place.
 G = Mean time per level.
                   A        B        C        D        E       F      G
               +--------+--------+--------+--------+--------+-----+--------+
         Total |     30 |     30 |      0 |      0 |      0 |   1 |   30.0 |
       Dungeon |     30 |     30 |      0 |      0 |      0 |   1 |   30.0 |
               +--------+--------+--------+--------+--------+-----+--------+

Top non-repeatable levels by time:
       D: 30 daAuts
